 Dungeon Crawl Stone Soup version 0.30-a0-305-g026cb31310 (webtiles) character file.

Game seed: 10960361510863057992

148 ryw the Trooper (level 5, -2/41 HPs)
             Began as a Demonspawn Monk on Oct 21, 2022.
             Slain by a gnoll
             ... wielding a +0 halberd
              (14 damage)
             ... on level 2 of the Dungeon.
             The game lasted 00:05:22 (2384 turns).

ryw the Trooper (Demonspawn Monk)                   Turns: 2384, Time: 00:05:22

Health: -2/41      AC:  3    Str: 11    XL:     5   Next: 8%
Magic:  9/9        EV: 14    Int: 13    God:
Gold:   104        SH:  0    Dex: 22    Spells: 10/10 levels left

rFire   . . .      SeeInvis .      - Unarmed
rCold   . . .      Faith    +    (no shield)
rNeg    + . .      Spirit   .    a - +0 robe
rPois   .          Reflect  .    (no helmet)
rElec   .          Harm     .    (no cloak)
rCorr   .          Rampage  .    (no gloves)
Will    .....                    (no boots)
Stlth   ++........               c - amulet of faith
HPRegen 0.26/turn                d - ring of positive energy
MPRegen 0.11/turn                h - +6 ring of dexterity

@: no status effects
A: demonic guardian 1, sharp scales 1
a: no special abilities


You were on level 2 of the Dungeon.
You visited 1 branch of the dungeon, and saw 3 of its levels.

You collected 104 gold pieces.

Inventory:

Hand Weapons
 g - a +0 spear
Missiles
 n - 2 poisoned darts (quivered)
 u - a throwing net
Armour
 a - a +0 robe (worn)
Magical Staves
 l - a staff of conjuration
Jewellery
 c - an amulet of faith (around neck)
 d - a ring of positive energy (left hand)
 h - a +6 ring of dexterity (right hand)
 v - a ring of ice
Scrolls
 f - a scroll of magic mapping {unknown}
 i - 2 scrolls of identify {unknown}
 j - 3 scrolls of enchant weapon {unknown}
 k - a scroll of immolation {unknown}
 m - a scroll of fear {unknown}
 p - 2 scrolls of blinking {unknown}
 q - a scroll of enchant armour {unknown}
 r - a scroll of teleportation {unknown}
 w - a scroll of poison {unknown}
Potions
 e - a potion of curing {unknown}
 o - a potion of magic {unknown}
 s - 2 potions of haste {unknown}
 t - a potion of heal wounds {unknown}


   Skills:
 - Level 3.5 Fighting
 + Level 3.5 Dodging
 - Level 1.7 Stealth
 - Level 2.6 Unarmed Combat
 * Level 3.1 Spellcasting
 - Level 0.1 Hexes
 - Level 0.2 Summonings
 - Level 0.1 Ice Magic


You had 10 spell levels left.
You didn't know any spells.
Your spell library contained the following spells:

 Spells                   Type           Power      Damage    Failure   Level
 Summon Small Mammal      Summ           8%         N/A       22%         1
 Call Canine Familiar     Summ           2%         N/A       54%         3
 Portal Projectile        Hex/Tloc       4%         N/A       56%         3
 Leda's Liquefaction      Hex/Erth       1%         N/A       92%         4


Dungeon Overview and Level Annotations

Branches:
Dungeon (3/15)

Altars:
Qazlal

Shops:
D:2 ?


Innate Abilities, Weirdness & Mutations

A weak demonic guardian rushes to your aid.
You are partially covered in razor-sharp scales. (AC +1, Slay +1)


Message History

The gnoll shouts!
The gnoll barely misses you.
You hit the gnoll but do no damage. The gnoll closely misses you.
You hit the gnoll.
The gnoll is lightly wounded.
The gnoll hits you with a +0 halberd!
You hit the gnoll.
The gnoll is moderately wounded.
The gnoll barely misses you.
You hit the gnoll.
The gnoll is moderately wounded.
The gnoll misses you.
You hit the gnoll but do no damage.
The gnoll is moderately wounded.
The gnoll misses you.
You hit the gnoll. Your punch misses the gnoll.
The gnoll is heavily wounded.
The gnoll hits you with a +0 halberd!
You barely miss the gnoll.
The gnoll is heavily wounded.
The gnoll closely misses you.
You barely miss the gnoll.
The gnoll is heavily wounded.
The gnoll completely misses you.
You barely miss the gnoll.
The gnoll is heavily wounded.
The gnoll hits you with a +0 halberd!
You closely miss the gnoll.
The gnoll is heavily wounded.
The gnoll barely misses you.
You closely miss the gnoll.
The gnoll is heavily wounded.
The gnoll hits you with a +0 halberd!
* * * LOW HITPOINT WARNING * * *
A demonic guardian appears!
Unknown command.
You swap places.
Your quasit closely misses the gnoll.
Your quasit claws the gnoll. x2
The gnoll hits you from afar with a +0 halberd!
You die...

############...........# #....
#................(###### ###.g
####.#######......####### #g#
#.# ##.#.........# #.# #.#
#>.##.######.# #.# #.# #..##.#
#.# #g# #.#######..##g# #.#
#g# #.#.....#..##5# #.# ##.#
#.#.....#..##@# #.# #...
#.#.........#.# #.# ####
#.#.....#.....######.#########
#.#.....#..##.................
#.#.....#..##.######.#########
#.#.....#..##.# #.#
#.##.####..##.# #.#
#.##.......##)# #.#
#..).......##.######.# #


You could see a gnoll (ally target) and a friendly quasit (summoned).

Vanquished Creatures
  4 gnolls
  3 adders (D:2)
  A worm (D:2)
  8 ball pythons
  2 bats
  4 endoplasms
  4 giant cockroaches
  3 goblins
  5 hobgoblins
  4 jackals (D:2)
  2 quokkas
  3 frilled lizards
  5 kobolds
  8 rats
56 creatures vanquished.

Vanquished Creatures (collateral kills)
  2 gnolls (D:2)
  3 bats (D:2)
  A rat (D:2)
6 creatures vanquished.

Vanquished Creatures (others)
  A plant (D:2)
1 creature vanquished.

Grand Total: 63 creatures vanquished

Notes
Turn   | Place    | Note
-------+----------+-------------------------------------------
     0 | D:1      | ryw the Demonspawn Monk began the quest for the Orb.
     0 | D:1      | Reached XP level 1. HP: 18/18 MP: 1/1
   143 | D:1      | Gained mutation: A weak demonic guardian rushes to your
                  | aid. [demonic ancestry]
   143 | D:1      | Reached XP level 2. HP: 17/24 MP: 2/2
   702 | D:1      | Reached skill level 1 in Spellcasting
   963 | D:1      | Gained mutation: You are partially covered in razor-sharp
                  | scales. (AC +1, Slay +1) [demonic ancestry]
   963 | D:1      | Reached XP level 3. HP: 20/29 MP: 3/5
  1185 | D:2      | Found a faded altar of an unknown god.
  1198 | D:2      | Reached XP level 4. HP: 35/35 MP: 7/7
  1213 | D:2      | Found Fefoyfi's Magic Scroll Emporium.
  1251 | D:2      | Got Plato's Grimoire of Generation
  1287 | D:2      | Found a stormy altar of Qazlal.
  2271 | D:3      | Reached XP level 5. HP: 40/41 MP: 9/9
  2384 | D:2      | Slain by a gnoll

Illustrated notes

Levels and vault maps discovered:
D:1:      evilmike_arrival_plus, layout_loops_ring, minivault_27
D:2:      layout_basic, shapermc_ecumenical_altar_rom_forum, basic_altar,
          serial_shops, shop_fountains
D:3:      layout_loops_ring, nicolae_overflow_hallway_of_the_gods,
          kennysheep_donut, grunt_ministairs_1, chequers_serial_rivers_small_b,
          uniq_grinder

Skill      XL: |  1  2  3  4 |
---------------+-------------+-----
Spellcasting   | 1 2 3 |  3.1
Dodging        | 3 |  3.5
Fighting       | |  3.5
Stealth        | |  1.7
Unarmed Combat | |  2.6
Hexes          | |  0.1
Summonings     | |  0.2
Ice Magic      | |  0.1

Action                   |  1- 3 |  4- 6 || total
-------------------------+-------+-------++-------
Melee: Unarmed           |   124 |   112 ||   236
       Punch             |     1 |     3 ||     4
  Use: Potion            |       |     1 ||     1
 Stab: Sleeping          |     3 |     5 ||     8
Armor: Robe              |    23 |    15 ||    38
Dodge: Dodged            |    93 |    86 ||   179

Table legend: (Time is in decaauts)
 A = Elapsed time spent in this place.
 B = Non-inter-level travel time spent in this place.
 C = Inter-level travel time spent in this place.
 D = Time resting spent in this place.
 E = Time spent auto-exploring this place.
 F = Levels seen in this place.
 G = Mean time per level.
                   A        B        C        D        E       F      G
               +--------+--------+--------+--------+--------+-----+--------+
         Total |   2374 |   2232 |    142 |    295 |   1222 |   3 |  791.3 |
       Dungeon |   2374 |   2232 |    142 |    295 |   1222 |   3 |  791.3 |
               +--------+--------+--------+--------+--------+-----+--------+

Top non-repeatable levels by time:
     D:2: 1239 daAuts
     D:1: 1103 daAuts
     D:3: 31 daAuts
